 Dungeon Crawl Stone Soup version 0.20-a0-1017-gc3250ce (webtiles) character file.

665 dvd the Chiller (level 7, -7/56 HPs)
             Began as a Green Draconian Ice Elementalist on Apr 16, 2017.
             Was an Initiate of Cheibriados.
             Mangled by an orc warrior
             ... wielding a +0 halberd
              (19 damage)
             ... on level 6 of the Dungeon.
             The game lasted 00:14:23 (4887 turns).

dvd the Chiller (Green Draconian Ice Elementalist)  Turns: 4887, Time: 00:14:23

Health: -7/56      AC:  7    Str: 11    XL:     7   Next: 31%
Magic:  0/13       EV: 12    Int: 19    God:    Cheibriados [......]
Gold:   269        SH:  0    Dex: 12    Spells: 4/14 levels left

rFire    x . .     SeeInvis +   a - +2 rapier
rCold    + . .     Gourm    .   (no shield)
rNeg     . . .     Faith    .   (armour unavailable)
rPois    +         Spirit   .   (helmet restricted)
rElec    .         Reflect  .   k - +0 cloak "Abaul" {rF- rC+ SInv}
rCorr    .         Harm     .   (no gloves)
MR       .....                  (no boots)
Stlth    ++........             (no amulet)
Regen    0.2/turn               (no ring)
MPRegen  0.2/turn               (no ring)

@: very slightly contaminated, very slow
A: breathe noxious fumes, unfitting armour, poison resistance, cold-blooded, AC
+6
a: Breathe Noxious Fumes, Bend Time, Renounce Religion


You were on level 6 of the Dungeon.
You worshipped Cheibriados.
Cheibriados was noncommittal.
You were not hungry.

You visited 2 branches of the dungeon, and saw 7 of its levels.

You collected 269 gold pieces.

Inventory:

Hand Weapons
 a - a +2 rapier (weapon)
 c - a +2 quarterstaff of chaos
 v - a cursed -3 dagger
Armour
 k - the +0 cloak "Abaul" (worn) {rF- rC+ SInv}
   (You found it on level 4 of the Dungeon)

   It makes you vulnerable to fire.
   It protects you from cold.
   It lets you see invisible.
 u - a +0 cloak of poison resistance
Scrolls
 e - 2 scrolls of remove curse
 f - 4 scrolls of amnesia
 i - 5 scrolls of identify
 j - 2 scrolls of magic mapping
 m - a scroll of fear
 p - a scroll of teleportation
Potions
 h - a potion of lignification {unknown}
 l - 2 potions of heal wounds {unknown}
 n - a potion of flight {unknown}
 s - a potion of agility {unknown}
Books
 q - a book of Frost

   Spells                             Type                      Level
   a - Freeze                         Ice                          1
   b - Throw Frost                    Conjuration/Ice              2
   c - Ozocubu's Armour               Charms/Ice                   3
   d - Throw Icicle                   Conjuration/Ice              4
   e - Summon Ice Beast               Ice/Summoning                4
Comestibles
 b - 5 bread rations
 d - 3 meat rations
 g - 3 fruits
 r - 3 chunks of flesh


   Skills:
 + Level 2.5 Fighting
 + Level 2.6 Short Blades
 + Level 2.5 Dodging
 + Level 2.6 Stealth
 + Level 0.6 Unarmed Combat
 + Level 4.3 Spellcasting
 + Level 2.0 Conjurations
 + Level 0.1 Charms
 + Level 4.9 Ice Magic


You had 4 spell levels left.
You knew the following spells:

 Your Spells              Type           Power        Failure   Level  Hunger
a - Freeze                Ice            ###.         1%          1    None
b - Throw Frost           Conj/Ice       ###...       6%          2    #......
c - Ozocubu's Armour      Chrm/Ice       ##......     14%         3    ###....
d - Throw Icicle          Conj/Ice       ###.....     34%         4    ####...


Dungeon Overview and Level Annotations

Branches:
Dungeon (6/15)             Temple (1/1) D:5

Altars:
Ashenzari
Cheibriados
Elyvilon
Fedhas
Gozag
Hepliaklqana
Kikubaaqudgha
Makhleb
Nemelex Xobeh
Okawaru
Qazlal
Ru
Sif Muna
Trog
Uskayaw
Vehumet
Wu Jian
Xom
Yredelemnul
Zin
The Shining One


Innate Abilities, Weirdness & Mutations

You can breathe blasts of noxious fumes.
Your lurid green scales are hard. (AC +6)
You cannot fit into any form of body armour.
Your system is resistant to poisons. (rPois)
You are cold-blooded and may be slowed by cold attacks.


Message History

Aim: an orc warrior, wielding a halberd and wearing a chain mail (almost dead)
You freeze the orc warrior.
The orc warrior is almost dead.
The orc warrior misses you.
Casting: Freeze
Confirm with . or Enter, or press ? or * to list all spells.
Aiming: Freeze
Press: ? - help, Shift-Dir - straight line, f/p - orc warrior
Aim: an orc warrior, wielding a halberd and wearing a chain mail (almost dead)
You freeze the orc warrior.
The orc warrior is almost dead.
The orc warrior closely misses you.
You hit the orc warrior.
The orc warrior is almost dead.
The orc warrior hits you with a halberd!!
* * * LOW HITPOINT WARNING * * *
Unknown command.
You feel better.
The orc warrior hits you with a halberd!!
You die...

.....##(.# ###.#
8...8###.# #.#
##8 #.#######.#
#.........#
#.#.......#
#.#.####### #.#.#
. #[#.#
#.##+#####@#.#
.......>.o)#.####
#.............#
##...)......###
###.)#..##.#
#.....# .#
....##.# #
......##...
........##.##.#


You could see an orc warrior.

Vanquished Creatures
  A phantom (D:5)
  A scorpion (D:5)
  2 centaur skeletons
  Crazy Yiuf (D:5)
  3 orc priests
  A hound (D:5)
  2 orc wizards (D:5)
  An iguana (D:5)
  A worker ant (D:4)
  A hound skeleton (D:4)
  A howler monkey zombie (D:3)
  A howler monkey skeleton (D:3)
  6 adders
  2 oozes (D:2)
  2 adder zombies
  2 adder skeletons (D:4)
  A worm (D:5)
  4 dart slugs
  4 leopard geckos
  8 orcs
  2 ball pythons
  7 bats
  3 giant cockroaches
  3 goblins
  2 hobgoblins
  8 jackals
  A quokka (D:2)
  A ball python zombie (D:3)
  9 frilled lizards
  A jackal skeleton (D:3)
  3 kobolds
  8 rats
93 creatures vanquished.

Vanquished Creatures (others)
  An orc wizard (D:6)
1 creature vanquished.

Grand Total: 94 creatures vanquished

Notes
Turn   | Place    | Note
-------+----------+-------------------------------------------
     0 | D:1      | dvd the Draconian Ice Elementalist began the quest for the Orb.
     0 | D:1      | Reached XP level 1. HP: 14/14 MP: 3/3
   106 | D:1      | Reached XP level 2. HP: 20/20 MP: 0/5
   221 | D:1      | Learned a level 2 spell: Throw Frost
   713 | D:1      | Reached XP level 3. HP: 26/26 MP: 0/6
  1307 | D:2      | Learned a level 3 spell: Ozocubu's Armour
  1704 | D:3      | Reached XP level 4. HP: 32/34 MP: 5/8
  2140 | D:3      | Reached XP level 5. HP: 32/39 MP: 10/10
  2504 | D:4      | Got a bloodstained cloak
  2510 | D:4      | Identified the cursed +0 cloak "Abaul" {rF- rC+ SInv} (You found it on level 4 of the Dungeon)
  2565 | D:3      | Reached skill level 1 in Fighting
  2671 | D:3      | Reached skill level 1 in Short Blades
  3196 | D:4      | Reached XP level 6. HP: 45/48 MP: 7/11
  3354 | D:5      | Entered Level 5 of the Dungeon
  3550 | D:5      | Got a transparent ring mail
  3695 | D:5      | Found a runed door.
  3778 | D:5      | Found a staircase to the Ecumenical Temple.
  3787 | Temple   | Entered the Ecumenical Temple
  4011 | Temple   | Became a worshipper of Cheibriados the Contemplative
  4133 | D:5      | Your scales start taking on a lurid green colour.
  4133 | D:5      | Reached XP level 7. HP: 35/56 MP: 3/13
  4133 | D:5      | Gained mutation: Your system is resistant to poisons. (rPois) [Green Draconian growth]
  4363 | D:5      | Found a stormy altar of Qazlal.
  4363 | D:5      | Found a radiant altar of Vehumet.
  4579 | D:5      | Noticed Crazy Yiuf
  4586 | D:5      | Killed Crazy Yiuf
  4760 | D:6      | Learned a level 4 spell: Throw Icicle
  4764 | D:6      | Found an ornate altar of the Wu Jian Council.
  4887 | D:6      | Mangled by an orc warrior

Vault maps used:
D:1:      dpeg_arrival_rhombi
D:2:      minmay_small_reverse_x
D:3:      serial_undead, serial_undead_b, serial_undead_b, serial_undead_e,
          serial_undead_e, serial_undead_d, first_bread, st_stairs_6
D:5:      amethyst_overflow_temple_binary, minmay_temple_entry_trees,
          uniq_crazy_yiuf_cottage
D:6:      nicolae_overflow_hidden_temple, basic_altar,
          hangedman_abyss_or_decor_stabs, nrook_uturn
Temple:   dpeg_five_rooms_temple

Skill      XL: |  1  2  3  4  5  6  7 |
---------------+----------------------+-----
Stealth        | 2 |  2.6
Spellcasting   | 3 4 |  4.3
Dodging        | 2 |  2.5
Fighting       | 1 2 |  2.5
Ice Magic      | 4 |  4.9
Short Blades   | 1 2 |  2.6
Conjurations   | 2 |  2.0
Unarmed Combat | |  0.6
Charms         | |  0.1

Action                   |  1- 3 |  4- 6 |  7- 9 || total
-------------------------+-------+-------+-------++-------
Melee: Unarmed           |    45 |       |       ||    45
       Tailslap          |     4 |    18 |     1 ||    23
       Short sword       |    10 |    11 |       ||    21
       Rapier            |       |   106 |    18 ||   124
 Cast: Freeze            |    58 |    44 |    18 ||   120
       Throw Frost       |     7 |    30 |    10 ||    47
       Ozocubu's Armour  |     1 |     5 |     3 ||     9
  Use: Scroll            |       |       |    10 ||    10
       Potion            |       |       |     1 ||     1
 Stab: Sleeping          |     2 |       |     1 ||     3
  Eat: Chunk             |     4 |     7 |     1 ||    12
       Royal jelly       |       |     1 |     1 ||     2
Armor: Skin              |    29 |    59 |    19 ||   107
Dodge: Dodged            |    67 |   112 |    21 ||   200
